[Event "Henry Chilufya Mem 2017"]
[Site "Mansa"]
[Date "2017.10.20"]
[Round "1.5"]
[White "Ssegwanyi, Arthur"]
[Black "Mwali, Chitumbo"]
[Result "0-1"]
[ECO "C45"]
[WhiteElo "2373"]
[BlackElo "2334"]
[Annotator "ChessBase"]
[PlyCount "88"]
[EventDate "2017.10.20"]
[EventType "swiss"]
[EventCountry "ZAM"]
[TimeControl "40/5400+30:1800+30"]

1. e4 e5 2. Nf3 Nc6 3. d4 exd4 4. Nxd4 Nf6 5. Nxc6 bxc6 6. e5 Qe7 7. Qe2 Nd5 8.
c4 Nb6 9. Nc3 a5 10. Qe4 g6 11. Bd3 Bg7 12. O-O O-O 13. Re1 Ba6 14. Bd2 Qc5 15.
Qh4 d5 16. Be3 Qb4 17. Bd4 Nxc4 18. a3 Qb8 19. Na4 Nb6 20. Nc5 Bxd3 21. Nxd3
Re8 22. Nc5 Qc8 23. Re3 Nc4 24. Rh3 h5 25. e6 Qd8 26. exf7+ Kxf7 27. Qf4+ Kg8
28. Bxg7 Kxg7 29. Rf1 Qd6 30. Qd4+ Qe5 31. Qh4 Qf6 32. Qg3 Re7 33. b3 Nd2 34.
Rd1 Rae8 35. Nd3 Nxb3 36. Rxh5 Nd4 37. Kf1 Nf5 38. Rxf5 Qxf5 39. Nf4 Qc2 40.
Ra1 Qc4+ 41. Nd3 Qc3 42. Rd1 Qc2 43. Ra1 Qe2+ 44. Kg1 Qe1+ 0-1

[Event "Henry Chilufya Mem 2017"]
[Site "Mansa"]
[Date "2017.10.20"]
[Round "2.1"]
[White "Chumfwa, Stanley"]
[Black "Mwali, Chitumbo"]
[Result "1/2-1/2"]
[ECO "E11"]
[WhiteElo "2278"]
[BlackElo "2334"]
[Annotator "ChessBase"]
[PlyCount "33"]
[EventDate "2017.10.20"]
[EventType "swiss"]
[EventCountry "ZAM"]
[SourceTitle "playchess.com"]
[Source "ChessBase"]
[SourceQuality "1"]
[TimeControl "40/5400+30:1800+30"]

1. d4 Nf6 2. c4 e6 3. Nf3 Bb4+ 4. Nbd2 b6 5. a3 Bxd2+ 6. Bxd2 Ne4 7. Bc1 O-O 8.
e3 Bb7 9. b3 f5 10. Bb2 d6 11. Be2 Nd7 12. O-O Rf6 13. d5 Rg6 14. g3 e5 15. Kh1
Rh6 16. Kg1 Rg6 17. b4 1/2-1/2

[Event "Henry Chilufya Mem 2017"]
[Site "Mansa"]
[Date "2017.10.20"]
[Round "2.2"]
[White "Wanyama, Harold"]
[Black "Ssegwanyi, Arthur"]
[Result "1-0"]
[ECO "A13"]
[WhiteElo "2290"]
[BlackElo "2373"]
[Annotator "ChessBase"]
[PlyCount "120"]
[EventDate "2017.10.20"]
[EventType "swiss"]
[EventCountry "ZAM"]
[SourceTitle "playchess.com"]
[Source "ChessBase"]
[SourceQuality "1"]
[TimeControl "40/5400+30:1800+30"]

1. Nf3 Nf6 2. c4 e6 3. g3 d5 4. b3 c5 5. cxd5 Qxd5 6. Nc3 Qh5 7. Bg2 Be7 8. h3
Nd5 9. Nxd5 Qxd5 10. Ba3 Qd8 11. O-O Nc6 12. Qc2 Qa5 13. Bb2 f6 14. d4 Bd7 15.
Rfd1 Rd8 16. a3 O-O 17. dxc5 Qxc5 18. Bc3 Bc8 19. Rdc1 Qb6 20. b4 e5 21. Qb3+
Kh8 22. e3 Nb8 23. a4 Be6 24. Qb1 Na6 25. b5 Nc5 26. Bb4 Rc8 27. Ra3 Qd8 28.
Rac3 b6 29. Kh2 Qd7 30. e4 Rfd8 31. Nh4 g6 32. Nf3 Qb7 33. a5 Qd7 34. Bf1 h5
35. h4 Bf8 36. Be2 Qe8 37. R1c2 Bd7 38. Ba3 Rb8 39. Bxc5 bxc5 40. b6 axb6 41.
axb6 Qe6 42. Rb2 Qh3+ 43. Kg1 Bc6 44. Bf1 Qg4 45. Re2 Rb7 46. Kh2 Qd7 47. Nd2
Bb5 48. Nc4 Bxc4 49. Rxc4 Rdb8 50. Qa2 Rxb6 51. Ra4 Qd1 52. Bg2 Rb1 53. Ra7
Qg1+ 54. Kh3 g5 55. hxg5 fxg5 56. Qf7 g4+ 57. Kh4 R1b7 58. Rxb7 Rxb7 59. Qxb7
Qxg2 60. Kg5 Qg1 1-0

[Event "Henry Chilufya Mem 2017"]
[Site "Mansa"]
[Date "2017.10.21"]
[Round "3.4"]
[White "Ssegwanyi, Arthur"]
[Black "Bwalya, Gillan"]
[Result "1-0"]
[ECO "B99"]
[WhiteElo "2373"]
[BlackElo "2291"]
[Annotator "ChessBase"]
[PlyCount "111"]
[EventDate "2017.10.20"]
[EventType "swiss"]
[EventCountry "ZAM"]
[SourceTitle "playchess.com"]
[Source "ChessBase"]
[SourceQuality "1"]
[TimeControl "40/5400+30:1800+30"]

1. e4 c5 2. Nf3 d6 3. d4 cxd4 4. Nxd4 Nf6 5. Nc3 a6 6. Bg5 e6 7. f4 Be7 8. Qf3
Qc7 9. O-O-O Nbd7 10. g4 Rb8 11. Bxf6 gxf6 12. Bd3 Qc5 13. Nb3 Qa7 14. e5 fxe5
15. f5 Bg5+ 16. Kb1 Qe3 17. Qg2 Bh4 18. Rhf1 Nf6 19. Nd2 Qh6 20. Nc4 Ke7 21.
Qg1 b6 22. Nxb6 Nd7 23. Nc4 Bg5 24. fxe6 fxe6 25. Nxd6 Be3 26. Nf5+ exf5 27.
Nd5+ Ke8 28. Nxe3 Qb6 29. b3 f4 30. Nc4 Qxg1 31. Rxg1 Ke7 32. Bf5 Rb5 33. Nd6
Nb6 34. Nxb5 Bxf5 35. gxf5 axb5 36. h4 Rf8 37. Rg7+ Kf6 38. Rg5 Nc8 39. Rd5 f3
40. Kc1 f2 41. Rd1 e4 42. Rf1 e3 43. Kd1 Ke5 44. Ke2 Kf4 45. Rd1 Ne7 46. f6 Nf5
47. Rxf5+ Kxf5 48. Kxe3 Rxf6 49. Kxf2 Ke4+ 50. Ke2 Rh6 51. c3 Ke5 52. Rd4 Rg6
53. Rb4 Rg2+ 54. Kf3 Rxa2 55. Rxb5+ Kf6 56. Kg4 1-0

[Event "Henry Chilufya Mem 2017"]
[Site "Mansa"]
[Date "2017.10.21"]
[Round "3.5"]
[White "Mwali, Chitumbo"]
[Black "Wanyama, Harold"]
[Result "1-0"]
[ECO "A15"]
[WhiteElo "2334"]
[BlackElo "2290"]
[Annotator "ChessBase"]
[PlyCount "76"]
[EventDate "2017.10.20"]
[EventType "swiss"]
[EventCountry "ZAM"]
[SourceTitle "playchess.com"]
[Source "ChessBase"]
[SourceQuality "1"]
[TimeControl "40/5400+30:1800+30"]

1. c4 Nf6 2. g3 g6 3. Bg2 Bg7 4. Nc3 e5 5. e4 O-O 6. Nge2 d6 7. O-O Nfd7 8. d3
Nc6 9. Be3 Nd4 10. Qd2 Nc5 11. Bg5 f6 12. Be3 f5 13. Bg5 Qd7 14. Nxd4 exd4 15.
Nd5 fxe4 16. Rae1 h6 17. Bxh6 e3 18. Bxe3 dxe3 19. Rxe3 Bh6 20. f4 c6 21. Ne7+
Kh7 22. d4 Na6 23. Qd3 Rf6 24. Rfe1 Bf8 25. g4 Qxg4 26. Rg3 Bf5 27. Qf1 Qh5 28.
Bf3 Qh4 29. Nxf5 Qxf4 30. Rh3+ Kg8 31. Bd5+ cxd5 32. Qxf4 Rxf5 33. Qg4 Rf7 34.
Re6 Nc7 35. Rxg6+ Bg7 36. Rg3 Ne8 37. h4 Rd8 38. h5 Kh7 1-0

[Event "Henry Chilufya Mem 2017"]
[Site "Mansa"]
[Date "2017.10.21"]
[Round "4.1"]
[White "Chumfwa, Stanley"]
[Black "Wanyama, Harold"]
[Result "0-1"]
[ECO "B43"]
[WhiteElo "2278"]
[BlackElo "2290"]
[Annotator "ChessBase"]
[PlyCount "86"]
[EventDate "2017.10.20"]
[EventType "swiss"]
[EventCountry "ZAM"]
[SourceTitle "playchess.com"]
[Source "ChessBase"]
[SourceQuality "1"]
[TimeControl "40/5400+30:1800+30"]

1. e4 c5 2. Nf3 e6 3. d4 cxd4 4. Nxd4 a6 5. Nc3 Qc7 6. Be2 Nf6 7. O-O Nc6 8.
Be3 h5 9. f4 d6 10. Kh1 Bd7 11. a4 Na5 12. Qd3 Rc8 13. Rad1 Be7 14. f5 Nc4 15.
Bc1 h4 16. fxe6 fxe6 17. Qh3 e5 18. Ne6 Bxe6 19. Qxe6 Nb6 20. Qf5 Qd7 21. Qg6+
Kd8 22. a5 Na4 23. Nxa4 Qxa4 24. b3 Qe8 25. Qxe8+ Kxe8 26. Bd3 Kd7 27. c4 Ke6
28. b4 Kf7 29. Bd2 Kg6 30. Rf3 Rhf8 31. Rdf1 Nd7 32. Rf5 Kh7 33. g4 hxg3 34.
hxg3 Kg6 35. Kg2 Nf6 36. R1f3 Rh8 37. Rf1 Ng4 38. Rh1 Rxh1 39. Kxh1 Rh8+ 40.
Kg1 Rh2 41. Be1 Rb2 42. Bf1 Bg5 43. Bh3 Be3+ 0-1

[Event "Henry Chilufya Mem 2017"]
[Site "Mansa"]
[Date "2017.10.21"]
[Round "4.2"]
[White "Bwalya, Gillan"]
[Black "Mwali, Chitumbo"]
[Result "1/2-1/2"]
[ECO "C35"]
[WhiteElo "2291"]
[BlackElo "2334"]
[Annotator "ChessBase"]
[PlyCount "31"]
[EventDate "2017.10.20"]
[EventType "swiss"]
[EventCountry "ZAM"]
[SourceTitle "playchess.com"]
[Source "ChessBase"]
[SourceQuality "1"]
[TimeControl "40/5400+30:1800+30"]

1. e4 e5 2. f4 exf4 3. Nf3 Be7 4. Bc4 Nf6 5. e5 Ng4 6. O-O Nc6 7. d4 d5 8. Bb5
O-O 9. h3 Ne3 10. Bxe3 fxe3 11. Qe2 f6 12. exf6 Bxf6 13. Qxe3 Bf5 14. Bxc6 bxc6
15. Nbd2 Qd6 16. c3 1/2-1/2

[Event "Henry Chilufya Mem 2017"]
[Site "Mansa"]
[Date "2017.10.21"]
[Round "4.3"]
[White "Phiri, Richmond"]
[Black "Ssegwanyi, Arthur"]
[Result "0-1"]
[ECO "A46"]
[WhiteElo "2290"]
[BlackElo "2373"]
[Annotator "ChessBase"]
[PlyCount "80"]
[EventDate "2017.10.20"]
[EventType "swiss"]
[EventCountry "ZAM"]
[TimeControl "40/5400+30:1800+30"]

1. d4 Nf6 2. Nf3 e6 3. g3 c5 4. Bg2 cxd4 5. O-O d5 6. Nxd4 e5 7. Nf3 Nc6 8. c4
d4 9. e3 Be7 10. exd4 exd4 11. b3 O-O 12. Bb2 Bc5 13. Na3 Bg4 14. h3 Bh5 15. g4
Bg6 16. Nb5 Qb6 17. b4 Nxb4 18. Bxd4 Nc2 19. Bxc5 Qxc5 20. Rb1 Rad8 21. Qc1 a6
22. Nc3 Qxc4 23. Rb3 Rfe8 24. Nd2 Qf4 25. Nde4 Qxc1 26. Nxf6+ gxf6 27. Rxc1 b5
28. Rb2 Ne1 29. Re2 Rxe2 30. Nxe2 Nxg2 31. Kxg2 Rd2 32. Ng3 Rxa2 33. h4 Bc2 34.
Re1 Kf8 35. Nh5 f5 36. g5 Be4+ 37. Kg3 b4 38. Nf6 b3 39. f3 b2 40. fxe4 Ra1 0-1

[Event "Henry Chilufya Mem 2017"]
[Site "Mansa"]
[Date "2017.10.22"]
[Round "5"]
[White "Greenfeld, Alon"]
[Black "Gupta, Abhijeet"]
[Result "1/2-1/2"]
[ECO "A48"]
[WhiteElo "2509"]
[BlackElo "2619"]
[Annotator "ChessBase"]
[PlyCount "237"]
[EventDate "2017.??.??"]
[EventType "swiss"]
[EventCountry "ZAM"]
[SourceTitle "playchess.com"]
[Source "ChessBase"]
[SourceQuality "1"]
[TimeControl "40/5400+30:1800+30"]

1. d4 Nf6 2. Nf3 g6 3. c4 Bg7 4. Nc3 d5 5. cxd5 Nxd5 6. Qa4+ Bd7 7. Qa3 Bc6 8. e3 O-O 9. Be2 Nd7 10. O-O e5 11. Nxd5 Bxd5 12. dxe5 c6 13.
Rd1 Qc7 14. e4 Bxe4 15. e6 fxe6 16. Ng5 Bd5 17. Qh3 Nf6 18.
Bg4 Rae8 19. Be3 Qe7 20. Rac1 b6 21. Rxd5 exd5 22. Rxc6 Qb4 23. Be6+ Kh8 24. g3 d4 25. Bf4 Nh5 26. Nf7+ Rxf7 27. Bxf7 Qe1+ 28. Qf1 Nxf4 29. gxf4 Qxf1+ 30. Kxf1 Rf8 31. Bc4 Rxf4 32. Rc7 a5 33. Rc6 Bf6 34. Rxb6 d3 35. Bxd3 Bd4 36. Rd6 Rxf2+ 37. Ke1 Rf4 38. b3 Bc3+ 39. Kd1 Rf2 40. h3 Rxa2 41. Bc4 Rh2 42. Rd8+ Kg7 43. Rd7+ Kh6 44. Bg8 Bg7 45. Be6 Rf2 46. Rf7 Ra2 47. Ra7 Bd4 48. Rd7 Bc3 49. Bg8 Bg7 50. Ra7 Rh2 51. Be6 Bc3 52. Bg8 Kg5 53. Rxh7 Bb4 54. Bc4 Kf4 55. Rh8 g5 56. Be2 Ke3 57. Re8+ Kd4 58. Bg4 Rb2 59. Be6 Rf2 60. Rc8 Kd3 61. Kc1 Be7 62. Kb1 Bf6 63. Rc2 Rf3 64. Bc4+ Kd4 65. Be6 Kd3 66. Bg4 Rg3 67. Bf5+ Ke3 68. Ka2 Rg1 69. Ka3 Ra1+ 70. Ra2 Rf1 71. Bg4 Rf4 72. Rc2 Be7+ 73. Ka2 Kd3 74. Kb1 Bb4 75. Be2+ Ke3 76. Bg4 Rf1+ 77. Rc1 Rf2 78. Rc2 Bd2 79. Rc5 Kd3 80. Bf5+ Ke3 81. Rd5 Bb4 82. Re5+ Kd4 83. Re4+ Kd5 84. Bh7 Rf3 85. Rg4 Rxb3+ 86. Kc2 Rc3+ 87. Kb2 Rxh3 88. Rxg5+ Kd4 89. Rg4+ Kc5 90. Rg5+ Kb6 91.
Bc2 Bc3+ 92. Ka2 Bd4 93. Rd5 Bc5 94. Rd3 Rh2 95. Rb3+ Bb4 96.
Rb2 Kc5 97. Ba4 Rh3 98. Rc2+ Kd4 99. Bb3 Rh1 100. Kb2 Rh3 101. Rg2 Ke3 102. Kc2 Bd6 103. Rd2 Rh6 104. Rd3+ Ke4 105. Bd5+ Ke5 106. Bb3 Bb4 107. Re3+ Kd4 108. Rd3+ Ke4 109.
Bd5+ Ke5 110. Kb3 Bc5 111. Kc4 Bf2 112. Kb5 Bd4 113. Bf3 Bb6 114. Bc6 Bf2 115. Bf3 Bb6 116. Bc6 Bd4 117. Bf3 Rd6 118. Ka4 Rd7 119. Rb3 1/2-1/2

[Event "Henry Chilufya Mem 2017"]
[Site "Mansa"]
[Date "2017.10.22"]
[Round "5"]
[White "Mwali, Chitumbo"]
[Black "Phiri, Richmond"]
[Result "1-0"]
[ECO "A14"]
[WhiteElo "2334"]
[BlackElo "2290"]
[Annotator "NA"]
[PlyCount "53"]
[EventDate "2017.??.??"]
[EventType "swiss"]
[EventCountry "ZAM"]
[SourceTitle "playchess.com"]
[Source "ChessBase"]
[SourceQuality "1"]
[TimeControl "40/5400+30:1800+30"]

1. c4 e6 2. g3 d5 3. Bg2 Nf6 4. Nf3 Be7 5. O-O O-O 6. d4 dxc4 7. Ne5 Nc6 8. Bxc6 bxc6 9. Nxc6 Qe8 10. Nxe7+ Qxe7 11. Qa4 c5 12. Qxc4 cxd4 13. Qxd4 e5 {[%emt 0:11:50] LiveBook: 56 Games} 14. Qh4
$11 Bb7 15. Bg5 Rad8 16. Nc3 Rd4 17. e4 Qe6 18. Bxf6 gxf6 19. Rfe1 Rd2 20. Re3 Rxb2 21. Rd1 f5 22. Rf3 f4 23. gxf4 exf4 24.
Qxf4 f6 25. Rg3+ Kh8 26. Qc7 Rg8 27. Rd8 1-0

[Event "Henry Chilufya Mem 2017"]
[Site "Mansa"]
[Date "2017.10.22"]
[Round "5"]
[White "Wanyama, Harold"]
[Black "Bwalya, Gillan"]
[Result "0-1"]
[ECO "A05"]
[WhiteElo "2290"]
[BlackElo "2291"]
[Annotator "NA"]
[PlyCount "77"]
[EventDate "2017.??.??"]
[EventType "swiss"]
[EventCountry "ZAM"]
[SourceTitle "playchess.com"]
[Source "ChessBase"]
[SourceQuality "1"]
[TimeControl "40/5400+30:1800+30"]

1. Nf3 Nf6 2. c4 e6 3. b3 d5 4. Bb2 Be7 5. g3 O-O 6. Bg2 Nbd7 7.
O-O b6 8. cxd5 exd5 9. Nd4 Bb7 10. Nf5 {[%emt 0:
00:09] A14: English Opening: 1...e6 with b3 by White} Re8 11.
Nxe7+ Qxe7 12. Nc3 c5 (12... Ne4 13. Nb5 Ndf6 14. d3 Nd6 15. Bxf6 gxf6 16. Nc3 d4 17.
Bxb7 Nxb7 {1-0 (38) Dzagnidze,N (2559)-Goriatchkin,J (2318) Doha 2015}) 13. d4 Rad8 14. Re1 Ne4 15. dxc5 $146 ({Predecessor:} 15. e3 Qf6 16. Qc2 cxd4
17. Nxe4 dxe4 {1-0 (76) Duijker,R (2269)-Goossens,E (2187) Germany 2015}) 15...
Ndxc5 16. Qd4 Ne6 17. Qa4 a6 18. Nxe4 dxe4 19. Rad1 h6 20. Qa3 Qc7
$11 21. Rc1 Qd7 22. Qb4 b5 23. Qa5 e3 24. f3 Qd6 25. Rc2 h5 26. Rec1 h4 27. Qe1 hxg3 28. hxg3 b4 29.
Bh3 Ng5 30. Kg2 a5 31. Bf5 Qd5 32. Bg4 Qd6 33. Qh1 Qg6 34. Qh4 Rd2 35. Rh1 Nh7 36. Rxd2 exd2 37. e4 Qh6 38.
Qxh6 gxh6 39. Rd1 0-1

[Event "Henry Chilufya Mem 2017"]
[Site "Mansa"]
[Date "2017.10.22"]
[Round "6"]
[White "Phiri, Richmond"]
[Black "Wanyama, Harold"]
[Result "1-0"]
[ECO "E61"]
[WhiteElo "2290"]
[BlackElo "2290"]
[Annotator "ChessBase"]
[PlyCount "77"]
[EventDate "2017.??.??"]
[EventType "swiss"]
[EventCountry "ZAM"]
[SourceTitle "playchess.com"]
[Source "ChessBase"]
[SourceQuality "1"]
[TimeControl "40/5400+30:1800+30"]

1. d4 Nf6 2. c4 g6 3. Nc3 Bg7 4. Nf3 O-O 5. Bf4 c5 6. e3 Nc6 7. d5 Na5 8. e4 d6 9. h3 a6 10. Be2 b5 11. cxb5 axb5 12. Bxb5 Qb6 13. a4 Ba6 14. O-O Bxb5 15. axb5 Nc4 16. Qe2 Na5 17. Ra3 Qb7 18. Nd2 Nh5 19. Be3 Ra7 20.
Rfa1 Rfa8 21. g4 Nf6 22. Nc4 Nxc4 23. Qxc4 Nd7 24. Rxa7 Rxa7 25. Rxa7 Qxa7 26. Qa4 Qxa4 27. Nxa4 Kf8 28. Bd2 Ke8 29. Ba5 Bd4 30. b6 c4 31. b7 Nb8 32. Bc7 Na6 33. Bb6 Bxb6 34. Nxb6 Kd8 35. Na8 e6 36. Kf1 exd5 37. exd5 Ke7 38. g5 f6 39. f4 1-0

[Event "Henry Chilufya Mem 2017"]
[Site "Mansa"]
[Date "2017.10.23"]
[Round "7"]
[White "Ssegwanyi, Arthur"]
[Black "Kiriakov, Petr"]
[Result "1/2-1/2"]
[ECO "C03"]
[WhiteElo "2373"]
[BlackElo "2543"]
[Annotator "ChessBase"]
[PlyCount "43"]
[EventDate "2017.??.??"]
[EventType "swiss"]
[EventCountry "ZAM"]
[SourceTitle "playchess.com"]
[Source "ChessBase"]
[SourceQuality "1"]
[TimeControl "40/5400+30:1800+30"]

1. e4 e6 2. d4 d5 3. Nd2 a6 4. Ngf3 c5 5. exd5 exd5 6. dxc5 Bxc5 7. Bd3 Nf6 8. O-O O-O 9. Nb3 Bb6 10. h3 Nc6 11. c3 Re8 12. Nbd4 Qd6 13.
Be3 Bc7 14. Re1 Ne4 15. c4 Nb4 16. Bf1 dxc4 17. Bxc4 b5 18.
Bb3 Bb7 19. a3 Nd5 20. Nf5 Qd7 21. N3d4 Nxe3 22. Rxe3 1/2-1/2

[Event "Henry Chilufya Mem 2017"]
[Site "Mansa"]
[Date "2017.10.23"]
[Round "8"]
[White "Chumfwa, Stanley"]
[Black "Phiri, Richmond"]
[Result "1/2-1/2"]
[ECO "E06"]
[WhiteElo "2278"]
[BlackElo "2290"]
[Annotator "NA"]
[PlyCount "30"]
[EventDate "2017.??.??"]
[EventType "swiss"]
[EventCountry "ZAM"]
[SourceTitle "playchess.com"]
[Source "ChessBase"]
[SourceQuality "1"]
[TimeControl "40/5400+30:1800+30"]

1. d4 Nf6 2. c4 e6 3. g3 d5 4. Bg2 Be7 5. Nf3 O-O 6. O-O dxc4 7. Qc2 a6 8.
Qxc4 b5 9. Qc2 Bb7 10. Bd2 Be4 11. Qc1 Bb7 12. Qc2 Be4 13. Qc1 Bb7 14. Qc2 Be4 15. Qc1 Bb7 1/2-1/2